 Dungeon Crawl Stone Soup version 0.30-a0-916-g98134172ad (webtiles) character file.

Game seed: 9781954319586284675

101 Ijustatesigmund the Firebug (level 4, -3/32 HPs)
             Began as a Gnoll Fire Elementalist on Mar 20, 2023.
             Engulfed by a cloud of poison gas (6 damage)
             ... on level 3 of the Dungeon.
             The game lasted 00:04:01 (2437 turns).

Ijustatesigmund the Firebug (GnFE)                  Turns: 2437, Time: 00:04:01

Health: -3/32      AC:  3    Str:  8    XL:     4   Next: 75%
Magic:  8/11       EV: 13    Int: 16    God:
Gold:   90         SH:  0    Dex: 12    Spells: 10/13 levels left

rFire   + . .      SeeInvis .    c - +0 war axe
rCold   . . .      Faith    .    (no shield)
rNeg    . . .      Spirit   .    a - +0 robe
rPois   .          Reflect  .    u - +0 helmet
rElec   .          Rampage  .    (no cloak)
rCorr   .                        (no gloves)
Will    .....                    (no boots)
Stlth   +++                      (no amulet)
HPRegen 0.25/turn                k - ring of flight
MPRegen 0.12/turn                m - ring of protection from fire

@: mighty, lethally poisoned (-3 -> -25), flying
A: fangs 1, strong nose, distributed training
a: no special abilities


You were on level 3 of the Dungeon.
You visited 1 branch of the dungeon, and saw 3 of its levels.

You collected 90 gold pieces.

Inventory:

Hand Weapons
 c - a +0 war axe (weapon)
Missiles
 o - 2 atropa-tipped darts
Armour
 a - a +0 robe (worn)
 u - a +0 helmet (worn)
Jewellery
 k - a ring of flight (left hand)
 m - a ring of protection from fire (right hand)
Wands
 s - a wand of charming (3)
Scrolls
 d - 5 scrolls of identify
 i - 2 scrolls of poison
 j - a scroll of fear {unknown}
 l - a scroll of fog {unknown}
 p - a scroll of enchant armour {unknown}
 r - 2 scrolls of teleportation {unknown}
Potions
 b - a potion of magic
 e - a potion of cancellation {unknown}
 f - a potion of brilliance {unknown}
 h - a potion of flight {unknown}
 q - a potion of heal wounds {unknown}
 t - a potion of ambrosia {unknown}


   Skills:
 + Level 1.2 Fighting
 + Level 1.2 Short Blades
 + Level 1.2 Long Blades
 + Level 1.2 Axes
 + Level 1.2 Maces & Flails
 + Level 1.2 Polearms
 + Level 1.2 Staves
 + Level 1.2 Ranged Weapons
 + Level 1.2 Throwing
 + Level 1.2 Armour
 + Level 4.7 Dodging
 + Level 4.3 Stealth
 + Level 1.2 Shields
 + Level 1.2 Unarmed Combat
 + Level 5.1 Spellcasting
 + Level 2.3 Conjurations
 + Level 1.0 Hexes
 + Level 1.0 Summonings
 + Level 1.0 Necromancy
 + Level 1.0 Translocations
 + Level 1.0 Transmutations
 + Level 5.5 Fire Magic
 + Level 1.0 Ice Magic
 + Level 1.0 Air Magic
 + Level 1.0 Earth Magic
 + Level 1.0 Poison Magic
 + Level 1.4 Invocations
 + Level 1.2 Evocations


You had 10 spell levels left.
You knew the following spells:

 Your Spells              Type           Power      Damage    Failure   Level
a - Foxfire               Conj/Fire      64%        2x1d7     3%          1
b - Scorch                Fire           42%        2d7       2%          2

Your spell library contained the following spells:

 Spells                   Type           Power      Damage    Failure   Level
 Apportation              Tloc           14%        N/A       10%         1
 Necrotise                Necr           28%        1d5       10%         1
 Summon Small Mammal      Summ           28%        N/A       10%         1
 Inner Flame              Hex/Fire       14%        N/A       12%         3
 Ensorcelled Hibernation  Hex/Ice        14%        N/A       14%         2
 Sublimation of Blood     Necr           7%         N/A       14%         2
 Kindle Blastsparks       Fire/Tloc/Air  24%        2d12      16%         3
 Call Canine Familiar     Summ           7%         N/A       28%         3
 Spider Form              Tmut/Pois      7%         N/A       28%         3
 Summon Guardian Golem    Hex/Summ       7%         N/A       28%         3
 Flame Wave               Conj/Fire      16%        2d7       30%         4
 Anguish                  Hex/Necr       3%         N/A       67%         4
 Petrify                  Tmut/Erth      7%         N/A       67%         4
 Irradiate                Conj/Tmut      4%         3d13      91%         5


Dungeon Overview and Level Annotations

Branches:
Dungeon (3/15)

Altars:


Innate Abilities, Weirdness & Mutations

You have very sharp teeth.
Your uncanny sense of smell can sniff out nearby items.
Your experience applies equally to all skills.


Message History

Casting: Foxfire (safe; 3% risk of failure)
Confirm with . or Enter, or press ? or * to list all spells.
Flames lash the phantom.
The phantom is moderately damaged.
The phantom's fire resistance burns away.
The adder hisses angrily.
The foxfire hits the adder.
The adder is lightly wounded.
The phantom hits you.
The phantom blinks!
You blink.
A hobgoblin comes into view.
The phantom hits you.
The phantom blinks!
You blink.
As you read the scroll labelled PUFOH SIAMEY, it crumbles to dust.
It is a scroll of identify.
g - 2 potions of curing The adder bites you.
You are poisoned.
The adder poisons you! The phantom hits you.
* * * LOW HITPOINT WARNING * * *
Okay, then.
You feel better. The adder bites you.
* * * LOW HITPOINT WARNING * * *
You are poisoned.
The adder poisons you! The phantom hits you.
* * * LOW HITPOINT WARNING * * *
The phantom blinks!
You blink.
The air fills with toxic fumes!
As you read the scroll labelled LOCKU VUATZ, it crumbles to dust.
It was a scroll of poison.
* * * LOW HITPOINT WARNING * * *
You feel sick.
The phantom is no longer more vulnerable to fire.
The phantom barely misses you.
You feel better. The phantom hits you.
* * * LOW HITPOINT WARNING * * *
The phantom blinks!
You blink.
It was a potion of might.
You feel very mighty all of a sudden.
You are engulfed in poison gas.
You are lethally poisoned!
You die...

...# ~~..~..~..~..~~#
#### ~...§§§~§§§§§§§#
~..~§§§§.§§§§§§# ####
~..~§§§§§J§§§§§# ...#
~...§§§§§§§§§§##
######...§§§§§§r~§##
....##...§§§§§S§§§#
######...§§§§§.§§§## #
....§§§§§§W@§§#
####..##..#############
#..................#
######.###########.#
#.# #.# # ##### ### #.#
#.#### ....# #.< ..#
#.#... ###.# #.# ###
#.#... #.# #.# #.#.#.


You could see a phantom, an adder, an endoplasm and a quokka.

Vanquished Creatures
  4 adders
  2 worms (D:2)
  3 dart slugs
  2 orcs (D:3)
  6 endoplasms
  2 giant cockroaches
  5 hobgoblins (D:2)
  3 jackals (D:1)
  4 kobolds
  2 quokkas
  5 ball pythons
  4 frilled lizards
  5 goblins
  4 rats
51 creatures vanquished.

Vanquished Creatures (others)
  189 foxfires
  A plant (D:3)
190 creatures vanquished.

Grand Total: 241 creatures vanquished

Notes
Turn   | Place    | Note
-------+----------+-------------------------------------------
     0 | D:1      | Ijustatesigmund the Gnoll Fire Elementalist began the quest
                  | for the Orb.
     0 | D:1      | Reached XP level 1. HP: 13/13 MP: 6/6
   178 | D:1      | Reached XP level 2. HP: 12/19 MP: 4/7
   212 | D:1      | Learned a level 2 spell: Scorch
   517 | D:1      | Found a faded altar of an unknown god.
   884 | D:2      | Reached skill level 5 in Spellcasting
   884 | D:2      | Reached XP level 3. HP: 25/25 MP: 3/9
  1047 | D:2      | Reached skill level 1 in Invocations
  1049 | D:2      | Reached skill level 1 in Fighting
  1049 | D:2      | Reached skill level 1 in Short Blades
  1049 | D:2      | Reached skill level 1 in Long Blades
  1049 | D:2      | Reached skill level 1 in Axes
  1049 | D:2      | Reached skill level 1 in Maces & Flails
  1049 | D:2      | Reached skill level 1 in Polearms
  1049 | D:2      | Reached skill level 1 in Staves
  1049 | D:2      | Reached skill level 1 in Ranged Weapons
  1049 | D:2      | Reached skill level 1 in Throwing
  1049 | D:2      | Reached skill level 1 in Armour
  1049 | D:2      | Reached skill level 1 in Shields
  1049 | D:2      | Reached skill level 1 in Unarmed Combat
  1049 | D:2      | Reached skill level 1 in Evocations
  1301 | D:2      | Reached XP level 4. HP: 32/32 MP: 7/11
  2016 | D:3      | Reached skill level 1 in Hexes
  2016 | D:3      | Reached skill level 1 in Summonings
  2016 | D:3      | Reached skill level 1 in Necromancy
  2016 | D:3      | Reached skill level 1 in Translocations
  2016 | D:3      | Reached skill level 1 in Transmutations
  2016 | D:3      | Reached skill level 1 in Ice Magic
  2016 | D:3      | Reached skill level 1 in Air Magic
  2016 | D:3      | Reached skill level 1 in Earth Magic
  2016 | D:3      | Reached skill level 1 in Poison Magic
  2428 | D:3      | Noticed a phantom
  2435 | D:3      | HP: 1/32 [poisoned by an adder]
  2437 | D:3      | Engulfed by a cloud of poison gas

Illustrated notes

Levels and vault maps discovered:
D:1:      dpeg_arrival_pits, layout_rooms, shapermc_ecumenical_altar_ellora,
          dk_noncrumbling_4
D:2:      layout_rooms, minivault_5, grunt_ministairs_4
D:3:      cheibrodos_helix_gallery, layout_loops_ring, led_sif_pool,
          serial_forest, infiniplex_forest_lined_1, infiniplex_forest_lined_2,
          infiniplex_forest_clump_C, infiniplex_forest_lined_room_2,
          infiniplex_forest_pool, infiniplex_forest_lined_2, nrook_uturn,
          serial_park_tiny_2, minmay_misc_feat_hallway, minmay_distorted

Skill      XL: |  1  2  3  4 |
---------------+-------------+-----
Conjurations   | 2 |  2.3
Spellcasting   | 5 |  5.1
Invocations    | 1 |  1.4
Fighting       | 1 |  1.2
Short Blades   | 1 |  1.2
Long Blades    | 1 |  1.2
Axes           | 1 |  1.2
Maces & Flails | 1 |  1.2
Polearms       | 1 |  1.2
Staves         | 1 |  1.2
Ranged Weapons | 1 |  1.2
Throwing       | 1 |  1.2
Armour         | 1 |  1.2
Shields        | 1 |  1.2
Unarmed Combat | 1 |  1.2
Evocations     | 1 |  1.2
Hexes          | 1 |  1.0
Summonings     | 1 |  1.0
Necromancy     | 1 |  1.0
Translocations | 1 |  1.0
Transmutations | 1 |  1.0
Ice Magic      | 1 |  1.0
Air Magic      | 1 |  1.0
Earth Magic    | 1 |  1.0
Poison Magic   | 1 |  1.0
Dodging        | |  4.7
Stealth        | |  4.3
Fire Magic     | |  5.5

Action                     |  1- 3 |  4- 6 || total
---------------------------+-------+-------++-------
  Melee: War axe           |     2 |       ||     2
         Bite              |     1 |       ||     1
   Cast: Foxfire           |    63 |    43 ||   106
         Scorch            |     3 |     3 ||     6
    Use: Potion            |       |     3 ||     3
         Scroll            |       |     2 ||     2
 Armour: Robe              |     1 |       ||     1
  Dodge: Dodged            |    10 |     6 ||    16

Table legend: (Time is in decaauts)
 A = Elapsed time spent in this place.
 B = Non-inter-level travel time spent in this place.
 C = Inter-level travel time spent in this place.
 D = Time resting spent in this place.
 E = Time spent auto-exploring this place.
 F = Levels seen in this place.
 G = Mean time per level.
                   A        B        C        D        E       F      G
               +--------+--------+--------+--------+--------+-----+--------+
         Total |   2436 |   2391 |     45 |    158 |   1852 |   3 |  812.0 |
       Dungeon |   2436 |   2391 |     45 |    158 |   1852 |   3 |  812.0 |
               +--------+--------+--------+--------+--------+-----+--------+

Top non-repeatable levels by time:
     D:2: 1112 daAuts
     D:1: 762 daAuts
     D:3: 561 daAuts
